 Dungeon Crawl Stone Soup version 0.31-a0-662-g684573625c (webtiles) character file.

Game seed: 1360348056765612061

259 demibob the Ruffian (level 5, -5/41 HPs)
             Began as a Demonspawn Chaos Knight on Aug 31, 2023.
             Was a Plaything of Xom.
             Slain by a water moccasin (6 damage)
             ... on level 6 of the Dungeon.
             The game lasted 00:03:53 (2076 turns).

demibob the Ruffian (Demonspawn Chaos Knight)       Turns: 2076, Time: 00:03:55

Health: -5/41      AC:  6    Str: 13 (14) XL:     5   Next: 94%
Magic:  5/5        EV:  9    Int: 13      God:    Xom [......]
Gold:   120        SH:  8    Dex: 13      Spells: 4/4 levels left

rFire   . .          .
                       - Unarmed
rCold   + . .        d - +0 kite shield
rNeg    . . .        a - +2 leather armour
rPois   .            c - +0 helmet
rElec   .            (no cloak)
rCorr   .            (no gloves)
SInv    .            (boots unavailable)
Will    +....        (no amulet)
Stlth   +            C - ring of protection from cold
HPRegen 0.26/turn    (no ring)
MPRegen 0.09/turn

%: no passive effects
@: lethally poisoned (-5 -> -8), enlightened, flying
A: hooves 3, powered by pain 1
a: Renounce Religion


You were on level 6 of the Dungeon.
You worshipped Xom.
You were a very special plaything of Xom.
You visited 1 branch of the dungeon, and saw 4 of its levels.

You collected 120 gold pieces.


Innate Abilities, Weirdness & Mutations

You have hooves in place of feet.
You sometimes gain a little power by taking damage.


   Skills:
 - Level 3.0 Fighting
 - Level 1.7 Armour
 - Level 0.8 Dodging
 + Level 2.4 Shields
 * Level 5.4 Unarmed Combat


You had 4 spell levels left.
You didn't know any spells.
Your spell library contained the following spells:

 Spells                   Type           Power      Damage    Failure   Level
 Magic Dart               Conj           0%         1d3       82%         1
 Searing Ray              Conj           0%         2d4       91%         2
 Fulminant Prism          Conj/Hex       0%         3d5       100%        4

Inventory:

Armour
 a - a +2 leather armour (worn)
 c - a +0 helmet (worn)
 d - a +0 kite shield (worn)
Jewellery
 C - a ring of protection from cold (left hand)

Dungeon Overview and Level Annotations

Branches:
Dungeon (3/15)

Altars:
Xom

##................
..................
..................
$...............<.
.................
#..# ...l>....#
... ###....## #..#
##..## #... ##.@##
#..###.S## #
#...##.## #
#..#.## # #....#
##..## ###.##
###...#
#######...#..#


You could see a water moccasin and an iguana.


Message History

The water moccasin is moderately wounded.
You feel very sick. The water moccasin bites you.
You miss the water moccasin.
The water moccasin is moderately wounded.
You feel very sick. The water moccasin bites you.
* * * LOW HITPOINT WARNING * * *
The water moccasin closely misses you.
You are too injured to fight recklessly!
You hit the water moccasin. Your kick misses the water moccasin.
The water moccasin is heavily wounded.
* * * LOW HITPOINT WARNING * * *
You feel very sick. "First here, now there."
The water moccasin bites you.
* * * LOW HITPOINT WARNING * * *
* * * LOW HITPOINT WARNING * * *
You feel sick. The water moccasin bites you.
* * * LOW HITPOINT WARNING * * *
An iguana comes into view.
* * * LOW HITPOINT WARNING * * *
You feel sick.
The iguana hisses angrily.
You hit the water moccasin. Your kick misses the water moccasin.
The water moccasin is severely wounded.
* * * LOW HITPOINT WARNING * * *
You feel sick. The water moccasin bites you.
You die...
Xom thinks this is hilarious!

Skill      XL: |  1  2  3  4 |
---------------+-------------+-----
Unarmed Combat | 3 4 5 |  5.4
Shields        | 1 2 |  2.4
Fighting       | |  3.0
Armour         | |  1.7
Dodging        | |  0.8

Action                     |  1- 3 |  4- 6 || total
---------------------------+-------+-------++-------
  Melee: Unarmed           |   160 |    84 ||   244
         Punch             |     4 |       ||     4
         Kick              |    20 |    18 ||    38
    Use: Scroll            |     2 |     2 ||     4
         Potion            |       |     1 ||     1
   Stab: Sleeping          |     1 |       ||     1
 Armour: Leather armour    |    79 |    53 ||   132
  Dodge: Dodged            |    72 |    31 ||   103
  Block: Kite shield       |    29 |    34 ||    63

Levels and vault maps discovered:
D:1:      dpeg_arrival_rhombus, layout_loops_ring
D:2:      layout_rooms
D:3:      layout_rooms, st_stairs_12, chequers_mini_garden, uniq_natasha
D:6:      layout_cave_pods, grunt_temple_overflow_open, serial_shops,
          nicolae_shop_mannequins, uniq_eustachio

Notes
Turn   | Place    | Note
-------+----------+-------------------------------------------
     0 | D:1      | demibob the Demonspawn Chaos Knight began the quest for the
                  | Orb.
     0 | D:1      | Reached XP level 1. HP: 18/18 MP: 1/1
     8 | D:1      | XOM: potion effect (berserk rage)
    81 | D:1      | Reached skill level 3 in Unarmed Combat
   198 | D:1      | Gained mutation: You sometimes gain a little power by
                  | taking damage. [demonic ancestry]
   198 | D:1      | Reached XP level 2. HP: 24/24 MP: 2/2
   258 | D:1      | XOM: silly message
   665 | D:1      | XOM: scenery: create altars
   743 | D:1      | Gained mutation: You have large cloven feet. [demonic
                  | ancestry]
   743 | D:1      | Reached XP level 3. HP: 29/29 MP: 3/3
   784 | D:1      | XOM: god gift: scroll labelled NUNTOB MUVVE {god gift}
   879 | D:1      | XOM: scenery: summon butterflies
   928 | D:2      | XOM: confuse monster(s)
   980 | D:2      | Reached skill level 4 in Unarmed Combat
  1026 | D:2      | XOM: scenery: summon butterflies
  1179 | D:2      | XOM: noise
  1183 | D:2      | Reached skill level 1 in Shields
  1198 | D:2      | Gained mutation: You have hoof-like feet. [demonic
                  | ancestry]
  1198 | D:2      | Reached XP level 4. HP: 25/35 MP: 4/4
  1544 | D:3      | Noticed a scorpion
  1548 | D:3      | XOM: 2-stop teleportation journey
  1589 | D:3      | Noticed an ice beast
  1612 | D:3      | Killed an ice beast
  1613 | D:3      | Reached skill level 2 in Shields
  1613 | D:3      | Reached skill level 5 in Unarmed Combat
  1613 | D:3      | Gained mutation: You have hooves in place of feet. [demonic
                  | ancestry]
  1613 | D:3      | Reached XP level 5. HP: 11/41 MP: 5/5
  1681 | D:3      | XOM: butterfly on damage
  1690 | D:3      | You fall into a shaft and drop 3 floors!
  1868 | D:6      | XOM: summons 1 hostile demon
  2010 | D:6      | XOM: stat loss: -1 Str (13/14)
  2055 | D:6      | Noticed a water moccasin
  2073 | D:6      | XOM: swap monsters
  2074 | D:6      | HP: 4/41 [water moccasin (3)]
  2076 | D:6      | HP: 1/41 [poisoned by a water moccasin]
  2076 | D:6      | Slain by a water moccasin

Vanquished Creatures
  An ice beast (D:3)
  A howler monkey (D:6)
  An iguana (D:6)
  2 adders
  A white imp (D:6)
  An ufetubus (D:6)
  3 dart slugs (D:2)
  An orc (D:3)
  7 ball pythons
  6 endoplasms
  3 giant cockroaches
  5 hobgoblins
  9 jackals
  3 kobolds
  2 quokkas
  6 bats
  7 frilled lizards
  4 goblins
  4 rats
67 creatures vanquished.

Table legend: (Time is in decaauts)
 A = Elapsed time spent in this place.
 B = Non-inter-level travel time spent in this place.
 C = Inter-level travel time spent in this place.
 D = Time resting spent in this place.
 E = Time spent auto-exploring this place.
 F = Levels seen in this place.
 G = Mean time per level.
                   A        B        C        D        E       F      G
               +--------+--------+--------+--------+--------+-----+--------+
         Total |   2103 |   2076 |     27 |    318 |   1225 |   4 |  525.8 |
       Dungeon |   2103 |   2076 |     27 |    318 |   1225 |   4 |  525.8 |
               +--------+--------+--------+--------+--------+-----+--------+

Top non-repeatable levels by time:
     D:1: 896 daAuts
     D:2: 522 daAuts
     D:6: 388 daAuts
     D:3: 295 daAuts

Table legend:
 A = Non-vault XP
 B = Vault XP
 C = Vault XP percentage of total XP
 D = Non-vault monster count
 E = Vault monster count
 F = Vault count percentage of total count
                 A         B        C        D         E       F
            +---------+---------+-------+---------+---------+-------
      Total |     370 |       0 |   0.0 |      67 |       0 |   0.0
            +---------+---------+-------+---------+---------+-------
        D:1 |      42 |       0 |   0.0 |      25 |       0 |   0.0
        D:2 |      61 |       0 |   0.0 |      26 |       0 |   0.0
        D:3 |     164 |       0 |   0.0 |      12 |       0 |   0.0
        D:6 |     103 |       0 |   0.0 |       4 |       0 |   0.0
            +---------+---------+-------+---------+---------+-------
